 Dungeon Crawl Stone Soup version 0.29.1-1-gd02db6906a (webtiles) character file.

Game seed: 3577926407419388034

6 xian the Gusty (level 1, 0/10 HPs)
             Began as a Tengu Air Elementalist on Oct 7, 2022.
             Was a Follower of Dithmenos.
             Slain by a hobgoblin (3 damage)
             ... on level 1 of the Dungeon.
             The game lasted 00:00:42 (374 turns).

xian the Gusty (Tengu Air Elementalist)              Turns: 374, Time: 00:00:42

Health: 0/10       AC:  2    Str:  8    XL:     1   Next: 90%
Magic:  1/4        EV: 12    Int: 15    God:    Dithmenos [*.....]
Gold:   0          SH:  0    Dex: 14    Spells: 3/4 levels left

rFire   . . .      SeeInvis .   e - +0 dagger
rCold   . . .      Faith    .   (no shield)
rNeg    . . .      Spirit   .   a - +0 robe
rPois   .          Reflect  .   (helmet restricted)
rElec   .          Harm     .   (no cloak)
rCorr   .          Rampage  .   (no gloves)
Will    .....                   (boots unavailable)
Stlth   ++........              (no amulet)
HPRegen 0.03/turn               (no ring)
MPRegen 0.09/turn               (no ring)

@: wreathed by umbra
A: beak, talons 3
a: Renounce Religion


You were on level 1 of the Dungeon.
You worshipped Dithmenos.
Dithmenos was aware of your devotion.
You visited 1 branch of the dungeon, and saw 1 of its levels.

Inventory:

Hand Weapons
 e - a +0 dagger (weapon)
Armour
 a - a +0 robe (worn)
Potions
 b - a potion of magic
 c - a potion of haste {unknown}
 d - a potion of heal wounds {unknown}


   Skills:
 + Level 2.2 Dodging
 + Level 2.1 Stealth
 + Level 2.1 Spellcasting
 + Level 1.3 Conjurations
 + Level 4.2 Air Magic


You had 3 spell levels left.
You knew the following spells:

 Your Spells              Type           Power      Damage    Failure   Level
a - Shock                 Conj/Air       40%        1d5       7%          1

Your spell library contained the following spells:

 Spells                   Type           Power      Damage    Failure   Level
 Static Discharge         Conj/Air       10%        3-5/arc   11%         2
 Swiftness                Air            14%        N/A       12%         3
 Airstrike                Air            7%         2d(1-17)  36%         4


Dungeon Overview and Level Annotations

Branches:
Dungeon (1/15)

Altars:
Dithmenos


Innate Abilities, Weirdness & Mutations

You have a beak for a mouth.
You have claws for feet.


Message History

The jackal barks!
You hear a bark!
You hear a shout!
The zap misses the jackal.
The zap hits the jackal.
You kill the jackal!
Dithmenos accepts your kill.
A jackal comes into view.
The zap misses the jackal.
You are out of magic!
You are out of magic!
A jackal is nearby!
A hobgoblin comes into view.
The jackal barely misses you.
e - a +0 dagger (weapon)
The jackal closely misses you.
You closely miss the jackal. Your kick misses the jackal.
Your peck misses the jackal. The jackal bites you.
A goblin comes into view. It is wielding a +0 dagger.
You closely miss the jackal.
The goblin shouts!
You peck the jackal.
The jackal is moderately wounded.
The jackal barely misses you.
You hit the jackal but do no damage.
The jackal is moderately wounded.
The jackal barely misses you.
The jackal bites you but does no damage.
You hit the jackal. Your kick misses the jackal.
The jackal is severely wounded.
The jackal bites you.
An endoplasm comes into view.
You hit the jackal.
You kill the jackal!
Dithmenos accepts your kill.
A rat comes into view.
The hobgoblin hits you.
* * * LOW HITPOINT WARNING * * *
The rat moves out of view.
Unknown command.
The hobgoblin attacks as you move away! The hobgoblin hits you.
You die...

.#.#.#.##.#...._...(...
.......................
#.#.#.#.#.#######.#####
..........## #.#
#.#.#.#.#.# #.#
.........## #.#
.#.#.#.#.#.# #.#
..)........# #.#
.#.#.#@#.#.#
.......g...##
.#.#.#g#.#..... ..J ..
..##### #.# #.# #.. .
.. ... #.# .... ..
###.#


You could see an endoplasm, a hobgoblin and a goblin.

Vanquished Creatures
  A hobgoblin (D:1)
  2 jackals (D:1)
  A frilled lizard (D:1)
  A goblin (D:1)
  A kobold (D:1)
6 creatures vanquished.

Notes
Turn   | Place    | Note
-------+----------+-------------------------------------------
     0 | D:1      | xian the Tengu Air Elementalist began the quest for the
                  | Orb.
     0 | D:1      | Reached XP level 1. HP: 10/10 MP: 4/4
   243 | D:1      | Found a faded altar of an unknown god.
   254 | D:1      | Prayed at the altar of an unknown god.
   254 | D:1      | Became a worshipper of Dithmenos the Shadowed
   254 | D:1      | Reached * piety under Dithmenos
   374 | D:1      | Slain by a hobgoblin

Illustrated notes

Levels and vault maps discovered:
D:1:      dpeg_chamrin_arrival_tetris, layout_loops_ring,
          basic_ecumenical_altar, chequers_avenue, nrook_mini_vaults, hex_large

Action                   || total
-------------------------++-------
Melee: Dagger            ||     5
       Unarmed           ||     4
       Kick              ||     2
       Peck              ||     1
 Cast: Shock             ||     8
Armor: Robe              ||     1
Dodge: Dodged            ||     5
